 Dungeon Crawl Stone Soup version 0.22-a0-833-g8522bf8 (webtiles) character file.

19646 KristoblXynda the Basher (level 12, 0/192 HPs)
             Began as an Ogre Berserker on July 25, 2018.
             Was an Elder of Trog.
             Succumbed to a spiny frog's poison
             ... on level 3 of the Lair of Beasts.
             The game lasted 00:42:15 (19721 turns).

KristoblXynda the Basher (Ogre Berserker)          Turns: 19721, Time: 00:42:16

Health: 0/192      AC:  6    Str: 29    XL:     12   Next: 71%
Magic:  15/15      EV: 14    Int: 10    God:    Trog [****..]
Gold:   474        SH:  4    Dex: 10    Spells: 11/11 levels left

rFire    + . .     SeeInvis .   A - +0 eveningstar
rCold    + . .     Gourm    .   (no shield)
rNeg     . . .     Faith    .   u - +2 robe {rC+ rF+}
rPois    +         Spirit   .   (helmet restricted)
rElec    .         Reflect  +   I - +0 cloak {rPois}
rCorr    +         Harm     .   (gloves unavailable)
MR       +....                  (boots unavailable)
Stlth    ..........             H - +4 amulet of reflection
HPRegen  0.42/turn              m - ring of resist corrosion
MPRegen  0.14/turn              d - ring of stealth

@: berserking, lethally poisoned (0 -> -16), very quick
A: large, unfitting armour, tough skin 1
a: Berserk, Trog's Hand, Brothers in Arms, Renounce Religion


You were on level 3 of the Lair of Beasts.
You worshipped Trog.
Trog was greatly pleased with you.
You were not hungry.

You visited 3 branches of the dungeon, and saw 16 of its levels.
You also visited: Bailey.

You collected 684 gold pieces.
You spent 210 gold pieces at shops.

Inventory:

Hand Weapons
 q - a +3 giant club
 A - a +0 eveningstar (weapon)
Missiles
 G - 8 large rocks (quivered)
Armour
 r - a +0 robe of magic resistance
 u - a +2 robe of resistance (worn)
 x - the -4 hat "Ydocar" {Int+5}
   (You acquired it on level 8 of the Dungeon)

   It affects your intelligence (+5).
 I - a +0 cloak of poison resistance (worn)
Jewellery
 d - a ring of stealth (right hand)
 g - an uncursed ring of flight
 m - a ring of resist corrosion (left hand)
 F - an uncursed amulet of rage
 H - a +4 amulet of reflection (around neck)
Wands
 t - a wand of scattershot (3)
 y - a wand of iceblast (6)
 z - a wand of paralysis (18)
Scrolls
 a - 3 scrolls of fog
 e - 4 scrolls of amnesia
 i - a scroll of immolation
 j - 3 scrolls of remove curse
 w - 4 scrolls of teleportation
Potions
 b - 3 potions of curing
 f - a potion of invisibility {unknown}
 k - a potion of magic
 p - 4 potions of flight
 s - a potion of brilliance
 C - 3 potions of mutation
 D - 3 potions of haste
 E - a potion of might
Comestibles
 c - 15 rations
 h - 4 chunks of flesh


   Skills:
 + Level 10.6 Fighting
 + Level 12.5 Maces & Flails
 - Level 5.2 Throwing
 + Level 10.6 Dodging
 - Level 5.0 Evocations


You had 11 spell levels left.
You didn't know any spells.
Your spell library was empty.

Dungeon Overview and Level Annotations

Branches:
Dungeon (12/15)            Temple (1/1) D:5            Lair (3/6) D:9
 Shoals (0/4) Lair:2          Orc (0/2) D:9
  Snake: Lair:2-4    Spider: Lair:2-4

Altars:
Ashenzari
Cheibriados
Dithmenos
Elyvilon
Fedhas
Gozag
Hepliaklqana
Kikubaaqudgha
Makhleb
Nemelex Xobeh
Okawaru
Qazlal
Ru
Sif Muna
Trog
Vehumet
Wu Jian
Xom
Yredelemnul
Zin
The Shining One

Shops:
D:4 :   D:7 !!(=(   D:8 =   D:10 ?

Annotations:
D:12 Rupert


Innate Abilities, Weirdness & Mutations

You are too large for most types of armour.
You have tough skin. (AC +1)


Message History

Trog accepts your kill.
* * * LOW HITPOINT WARNING * * *
You feel sick. The spiny frog stings you!
* * * LOW HITPOINT WARNING * * *
You bludgeon the spiny frog!!
The spiny frog is heavily wounded.
* * * LOW HITPOINT WARNING * * *
You feel sick. The bullfrog misses you.
You hammer the spiny frog like a gong!!!
You kill the spiny frog!
Trog accepts your kill.
* * * LOW HITPOINT WARNING * * *
You feel sick. You block the bullfrog's attack.
You barely miss the bullfrog.
* * * LOW HITPOINT WARNING * * *
You feel sick. The bullfrog misses you.
Unknown command.
You hit the bullfrog.
The bullfrog is lightly wounded.
You die...

........................
..........>.............
..........[.............
........................
........................
>.......................
................!.P####
..................##
..####.###......@..# ###
### #.....F.....#
#..........##
#...........#
#..........#..#
#....)...####..#
.......## ..# #...... ..


You could see a bullfrog.

Vanquished Creatures
  A two-headed ogre (D:8)
  Urug (D:11)
  An unseen horror (D:10)
  An ugly thing (D:11)
  A cyclops (D:11)
  A black mamba (Lair:1)
  Maurice (D:12)
  5 spiny frogs
  2 komodo dragons
  A queen bee (Lair:2)
  A troll (D:11)
  Prince Ribbit (D:6)
  A hornet (D:11)
  3 blink frogs (Lair:3)
  A slime creature (D:11)
  2 hippogriffs
  A spriggan (D:7)
  A wyvern (D:10)
  18 yaks
  2 wraiths (D:11)
  3 basilisks
  Grum (D:9)
  A fire elemental (D:11)
  2 hell hounds (D:11)
  6 water moccasins
  Duvessa (D:5)
  4 porcupines
  A black bear (D:9)
  9 orc warriors
  2 ice beasts
  6 phantoms
  A sky beast (D:10)
  2 necrophages (D:10)
  4 ogres
  2 wolves (D:9)
  7 centaurs
  3 crocodiles
  A big kobold (D:8)
  13 bullfrogs
  Dowan (D:5)
  5 scorpions
  30 killer bees
  3 wights (D:7)
  2 howler monkeys
  3 crimson imps
  3 centaur zombies
  4 hounds
  2 quasits
  3 orc priests (D:8)
  5 jellies
  8 orc wizards
  2 bullfrog skeletons
  2 iguanas
  8 worker ants
  A killer bee zombie (D:9)
  A hound zombie (D:8)
  A worker ant zombie (D:8)
  A howler monkey skeleton (D:8)
  4 gnolls
  5 adders
  2 shadow imps
  An adder skeleton (D:4)
  3 worms
  2 dart slugs
  8 leopard geckos
  23 orcs
  7 bats
  8 giant cockroaches
  20 goblins
  14 hobgoblins
  8 jackals
  24 kobolds
  3 quokkas
  3 ball pythons
  5 frilled lizards
  A leopard gecko zombie (D:7)
  A quokka skeleton (D:9)
  7 rats
349 creatures vanquished.

Vanquished Creatures (others)
  32 fungi
  3 plants
35 creatures vanquished.

Grand Total: 384 creatures vanquished

Notes
Turn   | Place    | Note
-------+----------+-------------------------------------------
     0 | D:1      | KristoblXynda the Ogre Berserker began the quest for the Orb.
     0 | D:1      | Reached XP level 1. HP: 24/24 MP: 1/1
    48 | D:1      | Reached XP level 2. HP: 29/32 MP: 2/2
    60 | D:1      | Reached skill level 3 in Maces & Flails
   572 | D:1      | Reached XP level 3. HP: 40/40 MP: 3/3
   575 | D:1      | Reached ** piety under Trog
   744 | D:2      | Found a deep blue altar of Sif Muna.
   884 | D:2      | Found a faded altar of an unknown god.
  1695 | D:3      | Reached XP level 4. HP: 40/49 MP: 4/4
  1763 | D:3      | You fall through a shaft for 2 floors!
  1763 | D:5      | Entered Level 5 of the Dungeon
  1784 | D:5      | Found a glowing golden altar of the Shining One.
  1808 | D:5      | Reached skill level 5 in Fighting
  1808 | D:5      | Reached skill level 4 in Maces & Flails
  1808 | D:5      | Reached XP level 5. HP: 15/57 MP: 5/5
  2044 | D:5      | Noticed an ogre
  2053 | D:5      | Killed an ogre
  2159 | D:5      | Noticed a water elemental
  2162 | D:5      | Found a stormy altar of Qazlal.
  2168 | D:5      | Noticed an air elemental
  2168 | D:5      | Noticed a fire elemental
  2201 | D:5      | Found a staircase to the Ecumenical Temple.
  2223 | Temple   | Entered the Ecumenical Temple
  2613 | D:5      | Reached XP level 6. HP: 48/66 MP: 6/6
  3029 | D:5      | Noticed Duvessa
  3029 | D:5      | Noticed Dowan
  3049 | D:5      | Killed Duvessa
  3049 | D:5      | Reached skill level 5 in Maces & Flails
  3196 | D:5      | Killed Dowan
  3211 | D:5      | Reached XP level 7. HP: 17/75 MP: 7/7
  4092 | D:4      | Found Ethroixze's Book Boutique.
  4292 | D:4      | Reached *** piety under Trog
  4322 | D:4      | Reached skill level 6 in Maces & Flails
  4531 | D:4      | Found an ancient bone altar of Kikubaaqudgha.
  4739 | D:4      | Reached XP level 8. HP: 68/84 MP: 8/8
  4942 | D:3      | Found Zin's Purification Station.
  4945 | D:3      | Found a glowing silver altar of Zin.
  4951 | D:3      | Bought a potion of curing for 90 gold pieces
  5094 | D:3      | Found a shattered altar of Ashenzari.
  5338 | D:6      | Noticed Prince Ribbit
  5347 | D:6      | Killed Prince Ribbit
  5347 | D:6      | Reached skill level 5 in Dodging
  5673 | D:6      | Reached skill level 7 in Maces & Flails
  6410 | D:6      | Reached XP level 9. HP: 95/96 MP: 9/9
  6510 | D:7      | Found Hiclaopn's Distillery.
  6513 | D:7      | Found Kaaptu's Weapon Emporium.
  6524 | D:7      | Bought a potion of lignification for 33 gold pieces
  6543 | D:7      | Found Harasuit's Jewellery Emporium.
  6549 | D:7      | Bought a cursed ring of teleportation for 54 gold pieces
  6581 | D:7      | Found a flagged portal.
  6604 | Bailey   | Entered a bailey
  6654 | Bailey   | Reached skill level 8 in Maces & Flails
  6687 | Bailey   | Reached **** piety under Trog
  7136 | D:7      | Found Cuopacon's Weapon Shoppe.
  7158 | D:7      | Found Sir Gehu's Distillery.
  7166 | D:7      | Bought a potion of lignification for 33 gold pieces
  7239 | D:7      | Found a shimmering altar of Xom.
  8097 | D:8      | Reached skill level 9 in Maces & Flails
  8280 | D:8      | Noticed a two-headed ogre
  8522 | D:8      | Found a hazy altar of Hepliaklqana.
  8535 | D:8      | Reached XP level 10. HP: 106/110 MP: 10/10
  8590 | D:8      | Reached ***** piety under Trog
  8817 | D:8      | Found a sparkling altar of Nemelex Xobeh.
  8953 | D:8      | Reached skill level 10 in Fighting
  8957 | D:8      | Found Witzom's Jewellery Shoppe.
  9164 | D:8      | Reached skill level 1 in Throwing
  9325 | D:8      | Killed a two-headed ogre
  9325 | D:8      | Reached skill level 10 in Maces & Flails
  9646 | D:8      | Identified a scroll of acquirement
  9649 | D:8      | Got a twisted hat
  9655 | D:8      | Identified the -4 hat "Ydocar" {Int+5} (You acquired it on level 8 of the Dungeon)
 10389 | D:9      | Noticed Grum
 10417 | D:9      | Killed Grum
 10523 | D:9      | Found a staircase to the Orcish Mines.
 11056 | D:9      | Found a shadowy altar of Dithmenos.
 11211 | D:9      | Found a staircase to the Lair.
 11438 | D:9      | Reached XP level 11. HP: 94/117 MP: 11/11
 11640 | D:10     | Entered Level 10 of the Dungeon
 11675 | D:10     | Killed an unseen horror
 11932 | D:10     | Reached skill level 11 in Maces & Flails
 12628 | D:10     | Found Duxzy's Magic Scroll Shop.
 12679 | D:10     | Reached skill level 5 in Throwing
 13198 | D:11     | Noticed Urug
 13281 | D:11     | Reached skill level 1 in Evocations
 13500 | D:11     | Found a bloodstained altar of Trog.
 13836 | D:11     | Noticed a cyclops
 13847 | D:11     | Killed a cyclops
 13968 | D:11     | Killed Urug
 14208 | D:11     | Noticed a white ugly thing
 14216 | D:11     | Killed a white ugly thing
 14574 | D:12     | Noticed a two-headed ogre
 14607 | D:12     | Noticed Maurice
 14612 | D:12     | Killed Maurice
 14843 | D:12     | Noticed Rupert
 14962 | Lair:1   | Entered Level 1 of the Lair of Beasts
 15024 | Lair:1   | Identified Ruinol's Guide on the Oath
 15114 | Lair:1   | Reached XP level 12. HP: 109/125 MP: 14/14
 15464 | Lair:1   | Reached skill level 12 in Maces & Flails
 16415 | Lair:1   | Reached skill level 10 in Dodging
 17493 | Lair:2   | Found a staircase to the Shoals.
 18578 | Lair:2   | Reached skill level 5 in Evocations
 19014 | Lair:2   | Received a gift from Trog
 19717 | Lair:3   | HP: 4/190 [spiny frog (17)]
 19720 | Lair:3   | HP: 1/192 [poisoned by a spiny frog]
 19721 | Lair:3   | Succumbed to a spiny frog's poison

Vault maps used:
D:1:      mrwooster_arrival_statue_2
D:2:      old_standard_altar, first_ration, chequers_ecumenical_altar_simple
D:3:      zin_purify, evilmike_ruin_ashenzari
D:4:      kiku_gazebo_pond_becter, kennysheep_mini_moat, serial_shops,
          nicolae_shop_trees, tgw_kikubaaqudgha
D:5:      tso_oasis_becter, nicolae_qazlal_style_of_elements,
          minmay_temple_entry_trees, uniq_duvessa
D:6:      uniq_prince_ribbit1
D:7:      marbit_many_paths, serial_shops, shop, shop_statue, shop_fountains,
          nicolae_shop_trees, shop, enter_bailey_3, the_bakery
D:8:      lemuel_crystal_altar, nemelex_xobeh_ov_fountains_minmay, serial_shops,
          shop_fountains
D:9:      lemuel_coloured_pillars_altar, due_lair_maze_entry_diamond,
          orc_0_dummy, uniq_grum
D:10:     serial_shops, nicolae_shop_waterfront
D:11:     bloody_trog, uniq_urug
D:12:     serial_shops, shop_fountains, minmay_crystal_box, uniq_maurice,
          uniq_rupert, uniq_azrael
Temple:   minmay_temple_bridge_abc
Lair:2:   shoals_dummy_entry, serial_bayou_shore_a
Lair:3:   spider_nest_entry_a, gammafunk_ghost_necromancy,
          portal_ice_cave_demonic_guard, beast_lair_carwin_4
Bailey:   bailey_axe_1, bailey

Skill      XL: |  1  2  3  4  5  6  7  8  9 10 11 12 |
---------------+-------------------------------------+-----
Maces & Flails | 3 4 5 6 7 9 10 11 12 | 12.5
Dodging        | 3 4 5 6 8 9 10 | 10.6
Fighting       | 5 6 8 9 10 | 10.6
Throwing       | 4 5 |  5.2
Evocations     | 3 5 |  5.0

Action                   |  1- 3 |  4- 6 |  7- 9 | 10-12 || total
-------------------------+-------+-------+-------+-------++-------
Melee: Mace              |    95 |       |       |       ||    95
       Whip              |    54 |    58 |       |       ||   112
       Giant club        |       |    23 |     8 |    22 ||    53
       Flail             |       |    33 |   481 |   413 ||   927
       Eveningstar       |       |       |       |   456 ||   456
Throw: Javelin           |       |       |     1 |       ||     1
       Tomahawk          |       |       |     5 |     9 ||    14
Invok: Berserk           |     1 |     2 |     4 |    11 ||    18
       Trog's Hand       |       |       |     3 |     4 ||     7
 Abil: Evoke Flight      |       |       |     3 |       ||     3
Evoke: Wand              |       |       |       |     2 ||     2
  Use: Scroll            |     2 |     2 |    13 |    13 ||    30
       Potion            |       |       |     6 |     4 ||    10
 Stab: Sleeping          |     4 |     3 |     5 |     6 ||    18
       Distracted        |       |       |       |     1 ||     1
  Eat: Chunk             |     1 |     1 |    17 |     8 ||    27
       Ration            |     1 |     1 |     2 |    12 ||    16
Armor: Animal skin       |    60 |    33 |       |       ||    93
       Robe              |       |       |   183 |   221 ||   404
       Skin              |       |       |    40 |    53 ||    93
Dodge: Dodged            |    94 |    62 |   288 |   539 ||   983
Block: Other             |       |       |       |    95 ||    95
       Reflection        |       |       |       |     2 ||     2

Table legend:
 A = Spawn XP
 B = Non-spawn XP
 C = Spawn XP percentage of total XP
 D = Spawn monster count
 E = Non-spawn monster count
 F = Spawn count percentage of total count
 G = Total turns spent on level
                    A         B        C        D         E        F      G
               +---------+---------+-------+---------+---------+-------+---------
         Total |       0 |   28066 |   0.0 |       0 |     349 |   0.0 | 19721
               +---------+---------+-------+---------+---------+-------+---------
           D:1 |       0 |      45 |   0.0 |       0 |      26 |   0.0 |   680
           D:2 |       0 |      26 |   0.0 |       0 |      11 |   0.0 |   943
           D:3 |       0 |      44 |   0.0 |       0 |      22 |   0.0 |   595
           D:4 |       0 |     476 |   0.0 |       0 |      17 |   0.0 |  1198
           D:5 |       0 |     649 |   0.0 |       0 |      21 |   0.0 |  1714
           D:6 |       0 |    1124 |   0.0 |       0 |      15 |   0.0 |  1172
           D:7 |       0 |     765 |   0.0 |       0 |      18 |   0.0 |  1029
           D:8 |       0 |    2620 |   0.0 |       0 |      38 |   0.0 |  2270
           D:9 |       0 |    2931 |   0.0 |       0 |      28 |   0.0 |  1327
          D:10 |       0 |    2408 |   0.0 |       0 |      24 |   0.0 |  1416
          D:11 |       0 |    5369 |   0.0 |       0 |      32 |   0.0 |  1795
          D:12 |       0 |     496 |   0.0 |       0 |       2 |   0.0 |    98
        Lair:1 |       0 |    3820 |   0.0 |       0 |      19 |   0.0 |  1979
        Lair:2 |       0 |    4003 |   0.0 |       0 |      34 |   0.0 |  2544
        Lair:3 |       0 |    2576 |   0.0 |       0 |      10 |   0.0 |   236
        Bailey |       0 |     714 |   0.0 |       0 |      32 |   0.0 |   528
               +---------+---------+-------+---------+---------+-------+---------
